 Dungeon Crawl Stone Soup version 0.24-a0-693-g39a19ac0f1 (webtiles) character file.

Game seed: 6154879726046880374, levelgen mode: deterministic

175 AntidotE the Shield-Bearer (level 5, -4/42 HPs)
             Began as a Formicid Fighter on Sept 28, 2019.
             Slain by a troll (7 damage)
             ... on level 4 of the Dungeon.
             The game lasted 00:10:57 (2521 turns).

AntidotE the Shield-Bearer (Formicid Fighter)       Turns: 2521, Time: 00:10:58

Health: -4/42      AC:  7    Str: 22    XL:     5   Next: 86%
Magic:  5/5        EV:  8    Int:  7    God:
Gold:   122        SH: 10    Dex: 10    Spells: 4/4 levels left

rFire    . . .     SeeInvis +   a - +1 trident
rCold    . . .     Gourm    .   c - +1 shield
rNeg     . . .     Faith    .   b - +0 scale mail
rPois    .         Spirit   .   (helmet unavailable)
rElec    .         Reflect  .   (no cloak)
rCorr    .         Harm     .   (no gloves)
MR       .....                  (no boots)
Stlth    ..........             (no amulet)
HPRegen  0.14/turn              (no ring)
MPRegen  0.09/turn              (no ring)

@: no status effects
A: permanent stasis, dig shafts and tunnels, four strong arms, antennae 3
a: Dig, Shaft Self


You were on level 4 of the Dungeon.
You were not hungry.

You visited 1 branch of the dungeon, and saw 4 of its levels.

You collected 122 gold pieces.

Inventory:

Hand Weapons
 a - a +1 trident (weapon)
Missiles
 j - a throwing net (quivered)
 k - 2 boomerangs
Armour
 b - a +0 scale mail (worn)
 c - a +1 shield (worn)
Scrolls
 h - 2 scrolls of identify
 l - a scroll of remove curse
Potions
 d - 2 potions of might
 e - 3 potions of curing
 i - a potion of ambrosia {unknown}
Comestibles
 f - 11 rations
 g - a chunk of flesh


   Skills:
 + Level 3.9 Fighting
 * Level 3.7 Polearms
 + Level 3.9 Armour
 + Level 1.2 Dodging
 + Level 1.8 Stealth
 * Level 4.3 Shields


You had 4 spell levels left.
You didn't know any spells.
Your spell library was empty.

Dungeon Overview and Level Annotations

Branches:
Dungeon (4/15)
 Temple: D:4-7

Altars:
Xom


Innate Abilities, Weirdness & Mutations

You cannot be hasted, slowed, berserked, paralysed or teleported.
You can dig through walls and to a lower floor.
Your four strong arms can wield two-handed weapons with a shield.
You have a pair of large antennae on your head. (SInv)


Message History

You assume a fearsome visage.
Nothing appears to happen.
It was a scroll of fear.
Found a stone staircase leading down.
Eating one of 2 chunks of flesh.
You eat one of the 2 chunks of flesh.
This raw flesh tastes terrible.
Done exploring.
There is a stone staircase leading down here.
You climb downwards.
A troll comes into view.
The troll shouts!
Found a ration and 6 silver boomerangs.
Found a stone staircase leading down.
There is a stone staircase leading up here.
You hit the troll but do no damage. The troll bites you!
The troll barely misses you. You block the troll's attack.
You barely miss the troll. The troll bites you! The troll barely misses you.
The troll claws you but does no damage. The troll bites you!
* * * LOW HITPOINT WARNING * * *
You block the troll's attack. The troll claws you!
You die...

+ ##+##
..###...##
.........+
.........#
#.....#
#%.T@.#
>........#
.........#
..##(##..#
# ## ####


You could see a troll.

Vanquished Creatures
  An orc priest (D:3)
  6 adders
  2 oozes
  A worm (D:2)
  A dart slug (D:2)
  A leopard gecko (D:2)
  8 orcs (D:3)
  2 ball pythons (D:2)
  3 giant cockroaches
  9 goblins
  8 hobgoblins
  5 jackals
  3 kobolds (D:1)
  2 quokkas
  4 bats
  2 frilled lizards (D:2)
  10 rats
68 creatures vanquished.

Notes
Turn   | Place    | Note
-------+----------+-------------------------------------------
     0 | D:1      | AntidotE the Formicid Fighter began the quest for the Orb.
     0 | D:1      | Reached XP level 1. HP: 18/18 MP: 1/1
    55 | D:1      | Found a shimmering altar of Xom.
   151 | D:1      | Reached XP level 2. HP: 23/24 MP: 2/2
   576 | D:2      | Reached XP level 3. HP: 20/30 MP: 3/3
   589 | D:2      | Reached skill level 4 in Shields
   974 | D:2      | Reached skill level 1 in Stealth
   974 | D:2      | Reached XP level 4. HP: 22/37 MP: 4/4
  1723 | D:2      | Reached XP level 5. HP: 42/42 MP: 5/5
  2135 | D:3      | Reached skill level 1 in Dodging
  2518 | D:4      | Noticed a troll
  2521 | D:4      | Slain by a troll

Levels and vault maps discovered:
D:1:      scummos_arrival_gate, layout_rooms, xom_teletrap_fun
D:2:      layout_basic
D:3:      layout_rooms, first_ration
D:4:      layout_gridville, serial_shops, shop, nicolae_shop_stone,
          nicolae_shop_stone, serial_park_tiny_1, okawaru_gym_becter

Skill      XL: |  1  2  3  4  5 |
---------------+----------------+-----
Shields        | 4 |  4.3
Stealth        | 1 |  1.8
Polearms       | 3 |  3.7
Dodging        | 1 |  1.2
Fighting       | |  3.9
Armour         | |  3.9

Action                   |  1- 3 |  4- 6 || total
-------------------------+-------+-------++-------
Melee: Trident           |   100 |   137 ||   237
  Use: Scroll            |     6 |     2 ||     8
       Potion            |       |     1 ||     1
  Eat: Chunk             |       |     6 ||     6
Armor: Scale mail        |    35 |    49 ||    84
Dodge: Dodged            |    28 |    46 ||    74
Block: Shield            |    58 |    87 ||   145

Table legend:
 A = Non-vault XP
 B = Vault XP
 C = Vault XP percentage of total XP
 D = Non-vault monster count
 E = Vault monster count
 F = Vault count percentage of total count
                 A         B        C        D         E       F
            +---------+---------+-------+---------+---------+-------
      Total |     251 |       0 |   0.0 |      68 |       0 |   0.0
            +---------+---------+-------+---------+---------+-------
        D:1 |      19 |       0 |   0.0 |      13 |       0 |   0.0
        D:2 |     103 |       0 |   0.0 |      33 |       0 |   0.0
        D:3 |     129 |       0 |   0.0 |      22 |       0 |   0.0
            +---------+---------+-------+---------+---------+-------
